 Dungeon Crawl Stone Soup version 0.27.0-1-g7a089689b8 (console) character file.

Game seed: 2626328233139256114

14 FIQ the Sneak (level 2, 0/27 HPs)
             Began as a Hill Orc Delver on Aug 8, 2021.
             Slain by a jackal (1 damage)
             ... on level 4 of the Dungeon.
             The game lasted 00:00:19 (36 turns).

FIQ the Sneak (Hill Orc Delver)                       Turns: 36, Time: 00:00:20

Health: 0/27       AC:  3    Str: 14    XL:     2   Next: 45%
Magic:  2/2        EV: 11    Int: 10    God:
Gold:   0          SH:  0    Dex: 12    Spells: 1/1 levels left

rFire    . . .     SeeInvis .   a - +0 hand axe
rCold    . . .     Faith    .   (no shield)
rNeg     . . .     Spirit   .   b - +0 leather armour
rPois    .         Reflect  .   (no helmet)
rElec    .         Harm     .   (no cloak)
rCorr    .         Rampage  .   (no gloves)
Will     .....                  (no boots)
Stlth    ++........             (no amulet)
HPRegen  0.09/turn              (no ring)
MPRegen  0.08/turn              (no ring)

@: lethally poisoned (0 -> -1)
A: no striking features
a: no special abilities


You were on level 4 of the Dungeon.
You visited 1 branch of the dungeon, and saw 2 of its levels.

Inventory:

Hand Weapons
 a - a +0 hand axe (weapon)
Armour
 b - a +0 leather armour (worn)
Wands
 g - a wand of digging (3)
Scrolls
 c - a scroll of fog
 d - a scroll of magic mapping
 e - a scroll of fear
Potions
 f - a potion of haste


   Skills:
 + Level 3.9 Fighting
 + Level 3.1 Axes
 + Level 1.8 Dodging
 + Level 4.2 Stealth


You had one spell level left.
You didn't know any spells.
Your spell library was empty.

Dungeon Overview and Level Annotations

Branches:
Dungeon (5/15)
 Temple: D:4-7

Altars:

Annotations:
D:5 Grinder


Message History

The jackal bites you but does no damage. x2
You closely miss the jackal. You hit the jackal but do no damage.
The jackal bites you but does no damage.
The jackal closely misses you.
You completely miss the jackal. You closely miss the jackal.
The jackal bites you. The jackal barely misses you. The jackal misses you.
The jackal closely misses you.
You barely miss the jackal. You closely miss the jackal. The jackal bites you.
The jackal barely misses you. The jackal bites you. x2
* * * LOW HITPOINT WARNING * * *
The adder barely misses you. The jackal closely misses you.
You miss the adder. You barely miss the jackal. You closely miss the jackal.
The adder barely misses you. The jackal barely misses you.
The jackal bites you but does no damage.
The adder bites you.
* * * LOW HITPOINT WARNING * * *
You are lethally poisoned!
The adder poisons you! The jackal barely misses you.
The jackal closely misses you.
Okay, then.
You hit the adder.
The adder is lightly wounded.
You hit the jackal but do no damage. You barely miss the jackal.
* * * LOW HITPOINT WARNING * * *
You feel sick.
The jackal bites you but does no damage.
The adder closely misses you. The jackal closely misses you.
You barely miss the adder.
The adder is lightly wounded.
You hit the jackal. x2
* * * LOW HITPOINT WARNING * * *
You feel sick. The jackal barely misses you. The adder closely misses you.
The jackal bites you but does no damage. x2
The jackal closely misses you. The adder bites you but does no damage.
You miss the adder.
The adder is lightly wounded.
You hit the jackal.
You kill the jackal!
You closely miss the jackal.
* * * LOW HITPOINT WARNING * * *
You feel sick. The jackal bites you.
You die...

## .##
..# #..#
#.#. ###
#...#..#
#...h##
#...@.#
#....S.#
#.......#
##......#
#......?
##......#
#......#
##.....#


You could see an adder and a jackal.

Vanquished Creatures
  A hound zombie (D:5)
  A jackal (D:4)
2 creatures vanquished.

Notes
Turn   | Place    | Note
-------+----------+-------------------------------------------
     0 | D:5      | FIQ the Hill Orc Delver began the quest for the Orb.
     0 | D:5      | Reached XP level 1. HP: 19/19 MP: 1/1
     7 | D:5      | Noticed Grinder
    23 | D:5      | Reached XP level 2. HP: 16/27 MP: 2/2
    36 | D:4      | HP: 1/27 [poisoned by an adder]
    36 | D:4      | Slain by a jackal

Illustrated notes

Levels and vault maps discovered:
D:4:      layout_cave_pods, st_stairs_12, uniq_pikel
D:5:      layout_cave_pools, uniq_prince_ribbit1, uniq_grinder, uniq_edmund,
          uniq_crazy_yiuf_cottage

Skill      XL: |  1 |
---------------+----+-----
Axes           | 3 |  3.1
Fighting       | |  3.9
Dodging        | |  1.8
Stealth        | |  4.2

Action                   || total
-------------------------++-------
Melee: Hand axe          ||    18
Armor: Leather armour    ||    12
Dodge: Dodged            ||    24
